 Dungeon Crawl Stone Soup version 0.25-a0-353-ged6d54792d (webtiles) character file.

Game seed: 5033210856276239266, levelgen mode: deterministic

1236 Esekla the Sneak (level 8, -6/40 HPs)
             Began as a Vine Stalker Assassin on Jan 1, 2020.
             Was an Initiate of Dithmenos.
             Mangled by Pikel
             ... wielding a +1 whip of electrocution
              (7 damage)
             ... on level 5 of the Dungeon.
             The game lasted 00:34:53 (5552 turns).

Esekla the Sneak (Vine Stalker Assassin)            Turns: 5552, Time: 00:34:54

Health: -6/40      AC:  3    Str: 13    XL:     8   Next: 49%
Magic:  0/12       EV: 13    Int: 13    God:    Dithmenos [......]
Gold:   81         SH:  0    Dex: 23    Spells: 11/11 levels left

rFire    . . .     SeeInvis .   p - +2 short sword (protect)
rCold    + . .     Gourm    .   (no shield)
rNeg     . . .     Faith    .   b - +0 robe
rPois    .         Spirit   +   (no helmet)
rElec    .         Reflect  .   c - +0 cloak
rCorr    .         Harm     .   (no gloves)
MR       +....                  (no boots)
Stlth    ++++......             (no amulet)
HPRegen  0.53/turn              r - +6 ring of dexterity
MPRegen  0.13/turn              E - ring of protection from cold

@: no status effects
A: fangs 3, regeneration 1, magic shield, antimagic bite, no potion heal 3, rot
immunity
a: Renounce Religion


You were on level 5 of the Dungeon.
You worshipped Dithmenos.
Dithmenos was noncommittal.
You were not hungry.

You visited 2 branches of the dungeon, and saw 8 of its levels.
You also visited: Sewer.

You collected 341 gold pieces.
You spent 260 gold pieces at shops.

Inventory:

Hand Weapons
 d - a +2 dagger
 g - a +1 vampiric dagger
 h - a +1 short sword of holy wrath
 p - a +2 short sword of protection (weapon)
 v - a +0 short sword of venom
Missiles
 a - 11 poisoned darts (quivered)
 e - 2 curare-tipped darts
Armour
 b - a +0 robe (worn)
 c - a +0 cloak (worn)
Jewellery
 r - a +6 ring of dexterity (left hand)
 z - an uncursed ring of flight
 E - a ring of protection from cold (right hand)
 F - a +3 ring of intelligence
 G - an uncursed ring of positive energy {unknown}
Scrolls
 k - 3 scrolls of teleportation
 l - a scroll of blinking
 m - 3 scrolls of immolation {unknown}
 w - 2 scrolls of identify
 x - a scroll of fog {unknown}
 y - 3 scrolls of remove curse
 A - 2 scrolls of enchant armour {unknown}
 D - a scroll of fear
 H - a scroll of magic mapping {unknown}
Potions
 i - 6 potions of curing
 j - 4 potions of lignification
 n - a potion of mutation
 o - 4 potions of heal wounds
 q - 5 potions of agility
 s - a potion of resistance
 t - a potion of might
 u - a potion of haste
 B - a potion of cancellation
 C - a potion of brilliance
Comestibles
 f - 7 rations
 I - a chunk of flesh


   Skills:
 + Level 3.4 Fighting
 * Level 6.5 Short Blades
 + Level 2.3 Throwing
 + Level 2.3 Dodging
 + Level 7.7 Stealth
 * Level 2.3 Spellcasting


You had 11 spell levels left.
You didn't know any spells.
Your spell library contained the following spells:

 Spells                   Type           Power        Failure   Level  Hunger
 Sandblast                Erth           #.....       24%         1    #......
 Passwall                 Tmut/Erth      #.......     36%         2    ###....
 Stone Arrow              Conj/Erth      #.....       58%         3    ###....
 Petrify                  Tmut/Erth      #.......     94%         4    #####..
 Lee's Rapid Deconstruct  Erth           #.........   100%        5    ######.


Dungeon Overview and Level Annotations

Branches:
Dungeon (7/15)             Temple (1/1) D:6           Sewer (visited)

Altars:
Ashenzari
Cheibriados
Dithmenos
Elyvilon
Fedhas
Gozag
Hepliaklqana
Kikubaaqudgha
Makhleb
Nemelex Xobeh
Okawaru
Qazlal
Ru
Sif Muna
Uskayaw
Vehumet
Wu Jian
Xom
Yredelemnul
Zin

Shops:
D:4 (   D:6 }

Annotations:
D:5 Pikel


Innate Abilities, Weirdness & Mutations

You have razor-sharp teeth.
Your natural rate of healing is unusually fast.
When hurt, damage is shared between your health and your magic reserves.
Your bite disrupts and absorbs the magic of your enemies.
Potions cannot restore your health.
You are immune to rotting.


Message History

3 slaves and Pikel come into view.
Pikel is wielding a +1 whip of electrocution and wearing a +2 robe of positive energy.
Pikel shouts!
The slave shouts! x3
Pikel hits you with a +1 whip of electrocution!
The slave hits you.
Pikel says, "Slavery isn't that bad."
Pikel hits you with a +1 whip of electrocution.
You hit Pikel but do no damage.
Pikel is poisoned.
Your bite misses Pikel. Pikel closely misses you. The slave hits you.
You closely miss Pikel. You bite Pikel, but do no damage. Pikel misses you.
Your +0 short sword of venom stops dripping with poison.
Your +2 short sword of protection hums with potential!
p - a +2 short sword of protection (weapon)
The slave hits you. Pikel hits you but does no damage.
You are electrocuted!!
* * * LOW HITPOINT WARNING * * *
The slave hits you!
* * * LOW HITPOINT WARNING * * *
Pikel hits you with a +1 whip of electrocution!
You die...

#....##
##.......
#........
#........
#........
#........
##p.......
#pKp......
#@p.......
#.........
#.........
#.........
#.........
#.........
#........
#........


You could see Pikel and 4 slaves.

Vanquished Creatures
  An ice beast (D:7)
  A necrophage (D:7)
  An ogre (D:4)
  3 phantoms
  3 centaurs
  A big kobold (Sewer)
  2 crimson imps
  A hound (D:7)
  An orc priest (D:6)
  2 worker ants
  6 adders
  8 river rats (Sewer)
  2 oozes
  An adder zombie (D:3)
  3 leopard geckos
  6 orcs
  8 bats
  5 giant cockroaches
  9 goblins
  2 hobgoblins
  5 jackals
  18 kobolds
  6 quokkas
  8 ball pythons
  3 frilled lizards
  27 rats
133 creatures vanquished.

Notes
Turn   | Place    | Note
-------+----------+-------------------------------------------
     0 | D:1      | Esekla the Vine Stalker Assassin began the quest for the
                  | Orb.
     0 | D:1      | Reached XP level 1. HP: 11/11 MP: 2/2
   118 | D:1      | Reached skill level 1 in Dodging
   176 | D:1      | Reached XP level 2. HP: 15/15 MP: 3/3
   187 | D:1      | Reached skill level 5 in Stealth
   801 | D:2      | Found a white marble altar of Elyvilon.
   824 | D:2      | Reached XP level 3. HP: 18/18 MP: 4/4
  1434 | D:3      | Gained mutation: Your natural rate of healing is unusually
                  | fast. [Vine Stalker growth]
  1434 | D:3      | Reached XP level 4. HP: 17/23 MP: 2/5
  1445 | D:3      | Found an opulent altar of Gozag.
  1556 | D:3      | Found a glowing drain.
  1607 | Sewer    | Entered a sewer
  1655 | Sewer    | Reached skill level 6 in Stealth
  1723 | Sewer    | Reached XP level 5. HP: 27/27 MP: 6/6
  2174 | Sewer    | Noticed a big kobold
  2199 | Sewer    | Killed a big kobold
  2199 | Sewer    | Reached XP level 6. HP: 31/32 MP: 7/7
  2483 | D:3      | Found a faded altar of an unknown god.
  2487 | D:3      | Reached skill level 7 in Stealth
  2624 | D:3      | Found a burning altar of Makhleb.
  2712 | D:3      | Found a hazy altar of Hepliaklqana.
  3344 | D:4      | Noticed a phantom
  3376 | D:4      | Killed a phantom
  3427 | D:4      | Found Waucaiq's Antique Weapon Boutique.
  3735 | D:4      | Found a blossoming altar of Fedhas.
  3737 | D:4      | Noticed a phantom
  3788 | D:4      | Killed a phantom
  3788 | D:4      | Reached XP level 7. HP: 35/35 MP: 7/9
  3909 | D:4      | Reached skill level 1 in Spellcasting
  4360 | D:4      | Bought a runed rapier for 140 gold pieces
  4360 | D:4      | Bought a runed short sword for 120 gold pieces
  4385 | D:5      | Entered Level 5 of the Dungeon
  4425 | D:6      | Found Reqot's Gadget Emporium.
  4578 | D:6      | Found a staircase to the Ecumenical Temple.
  4691 | Temple   | Entered the Ecumenical Temple
  4744 | Temple   | Became a worshipper of Dithmenos the Shadowed
  4875 | D:6      | Reached skill level 5 in Short Blades
  4947 | D:6      | Found a basalt altar of Yredelemnul.
  5041 | D:6      | Found an ancient bone altar of Kikubaaqudgha.
  5042 | D:6      | Found a sparkling altar of Nemelex Xobeh.
  5314 | D:7      | Gained mutation: You have razor-sharp teeth. [Vine Stalker
                  | growth]
  5314 | D:7      | Reached XP level 8. HP: 8/40 MP: 6/11
  5546 | D:5      | Noticed Pikel
  5552 | D:5      | HP: 1/40 [slave[Pikel] (5)]
  5552 | D:5      | Mangled by Pikel

Levels and vault maps discovered:
D:1:      elethiomel_arrival_diamonds, layout_basic
D:2:      layout_rooms, elyvilon_altar_4, hangedman_decor_growths
D:3:      layout_loops_corners, lemuel_doored_altar,
          lemuel_coloured_pillars_altar, marbit_many_paths,
          portal_sewer_entry_a, chequers_ecumenical_altar_simple,
          kennysheep_generic_room_12
D:4:      layout_basic, old_standard_altar, serial_shops, shop,
          serial_bayou_lake_a
D:5:      layout_cave_pods, lightli_temple_of_fire, first_ration, uniq_pikel
D:6:      cheibrodos_quashed, layout_loops_ring, kennysheep_mini_moat,
          grunt_temple_overflow_open, minmay_temple_entry_sparse_star,
          serial_shops, shop
D:7:      layout_loops_ring
Temple:   dshaligram_water_room_temple

Skill      XL: |  1  2  3  4  5  6  7  8 |
---------------+-------------------------+-----
Dodging        | 1 2 |  2.3
Fighting       | 2 3 |  3.4
Stealth        | 5 6 7 |  7.7
Short Blades   | 2 3 4 5 6 |  6.5
Throwing       | 2 |  2.3
Spellcasting   | 1 2 |  2.3

Action                   |  1- 3 |  4- 6 |  7- 9 || total
-------------------------+-------+-------+-------++-------
Melee: Dagger            |   102 |   131 |     7 ||   240
       Bite              |    25 |    73 |    43 ||   141
       Short sword       |       |    88 |   107 ||   195
Throw: Dart              |     5 |     8 |     5 ||    18
  Use: Scroll            |     8 |     1 |     4 ||    13
       Potion            |       |     6 |       ||     6
 Stab: Sleeping          |     5 |    16 |     3 ||    24
       Distracted        |       |     1 |       ||     1
  Eat: Chunk             |     1 |     5 |     6 ||    12
       Ration            |       |     1 |       ||     1
Armor: Robe              |    28 |    42 |    17 ||    87
Dodge: Dodged            |    66 |    89 |    70 ||   225

Table legend:
 A = Non-vault XP
 B = Vault XP
 C = Vault XP percentage of total XP
 D = Non-vault monster count
 E = Vault monster count
 F = Vault count percentage of total count
                 A         B        C        D         E       F
            +---------+---------+-------+---------+---------+-------
      Total |    1446 |     321 |  18.2 |      72 |      61 |  45.9
            +---------+---------+-------+---------+---------+-------
        D:1 |      12 |      10 |  45.5 |       8 |       7 |  46.7
        D:2 |      49 |       0 |   0.0 |      22 |       0 |   0.0
        D:3 |      35 |      23 |  39.7 |       9 |       6 |  40.0
        D:4 |     413 |       0 |   0.0 |       9 |       0 |   0.0
        D:6 |     223 |       0 |   0.0 |      12 |       0 |   0.0
        D:7 |     714 |       0 |   0.0 |      12 |       0 |   0.0
      Sewer |       0 |     288 | 100.0 |       0 |      48 | 100.0
            +---------+---------+-------+---------+---------+-------
